[Event "Titled Tuesday Blitz July 18 Late 2023"]
[White "Ortega Ruiz, Jose Miguel"]
[Black "Korkmaz, Necmettin"]
[WhiteFideId "2209713"]
[BlackFideId "6303285"]
[WhiteElo "2368"]
[BlackElo "2473"]
[Result "0-1"]
[Round "9"]
[TimeControl "180+2"]
[Date "2023.07.18"]
[WhiteClock "0:00:00"]
[BlackClock "0:00:25"]
[Board "83"]

1. e4 e5 2. Nf3 Nc6 3. Nc3 Nf6 4. Nxe5 Nxe5 5. d4 Nc6 6. d5 Ne5 7. f4 Ng6 8. e5 Ng8 9. d6 cxd6 10. exd6 Nf6 11. Nb5 Bxd6 12. Nxd6+ Kf8 13. Be2 Qb6 14. Nc4 Qc7 15. O-O d5 16. Ne5 Nxe5 17. fxe5 Qxe5 18. Bf4 Qxb2 19. Rb1 Qc3 20. Rb3 Qc5+ 21. Be3 Qc7 22. Qd4 Be6 23. Rc3 Qd7 24. Qb4+ Kg8 25. Rxf6 gxf6 26. Bh6 Bf5 27. Qd4 Qd6 28. Rf3 Bg6 29. Rxf6 Qe7 30. Rf2 f6 31. Bf3 Be4 32. Bxe4 dxe4 33. Qe3 Kf7 34. h3 Rhg8 35. Qb3+ Qe6 36. Qxb7+ Kg6 37. Be3 Rab8 38. Qxa7 Rb1+ 39. Kh2 Rd8 40. Qa4 Rd5 41. Qa8 Re1 42. Bc1 e3 43. Rf3 Rg5 44. Qf8 Re2 0-1


[Site "https://www.chess.com"]

[Event "Titled Tuesday Blitz July 18 Late 2023"]
[White "Tomaszewski, Kacper"]
[Black "Rodriguez Santiago, Jaime"]
[WhiteFideId "1127373"]
[BlackFideId "3100898"]
[WhiteElo "2460"]
[BlackElo "2359"]
[Result "1-0"]
[Round "9"]
[TimeControl "180+2"]
[Date "2023.07.18"]
[WhiteClock "0:01:23"]
[BlackClock "0:00:10"]
[Board "84"]

1. Nf3 Nf6 2. c4 e6 3. Nc3 d5 4. d4 c5 5. cxd5 Nxd5 6. e4 Nxc3 7. bxc3 cxd4 8. cxd4 Bb4+ 9. Bd2 Bxd2+ 10. Qxd2 O-O 11. Bc4 Nd7 12. O-O b6 13. Rfe1 Bb7 14. Rad1 Rc8 15. Bb3 h6 16. Re3 Nf6 17. Qe1 a5 18. d5 exd5 19. e5 Ng4 20. Red3 Re8 21. h3 Nxe5 22. Nxe5 f6 23. Bxd5+ Bxd5 24. Rxd5 Qc7 25. f4 fxe5 26. fxe5 Qc4 27. e6 Re7 28. R1d4 Qxa2 29. Rd8+ Rxd8 30. Rxd8+ Kh7 31. Qe4+ g6 32. Rd7 Qa1+ 33. Kh2 Qg7 34. Qd5 Kg8 35. Qa8+ Qf8 36. Rd8 Re8 37. Rxe8 1-0


[Site "https://www.chess.com"]

[Event "Titled Tuesday Blitz July 18 Late 2023"]
[White "Deviprasath, Sharvesh"]
[Black "Kostiukov, Alexandr"]
[WhiteFideId "30938228"]
[BlackFideId "14108100"]
[WhiteElo "2441"]
[BlackElo "2355"]
[Result "1-0"]
[Round "9"]
[TimeControl "180+2"]
[Date "2023.07.18"]
[WhiteClock "0:02:19"]
[BlackClock "0:00:00"]
[Board "85"]

1. e4 c5 2. c3 g6 3. d4 cxd4 4. cxd4 d5 5. e5 Bg7 6. Nc3 Nh6 7. h4 Bg4 8. f3 Be6 9. h5 Nc6 10. hxg6 hxg6 11. Bb5 Nf5 12. Rxh8+ Bxh8 13. g4 Ng7 14. Nh3 f6 15. Qd3 Kf7 16. Nf4 f5 17. Bxc6 bxc6 18. Be3 g5 19. Nxe6 Kxe6 20. gxf5+ Nxf5 21. Bxg5 Qb6 22. O-O-O Rb8 23. b3 Qb4 24. Kb1 Rg8 25. f4 Bg7 26. Na4 1-0


[Site "https://www.chess.com"]

[Event "Titled Tuesday Blitz July 18 Late 2023"]
[White "Pein, Jonathan"]
[Black "Cooper, Aaron"]
[WhiteFideId "417092"]
[BlackFideId "2634945"]
[WhiteElo "2441"]
[BlackElo "2297"]
[Result "1-0"]
[Round "9"]
[TimeControl "180+2"]
[Date "2023.07.18"]
[WhiteClock "0:00:19"]
[BlackClock "0:00:07"]
[Board "86"]

1. e4 d5 2. exd5 Qxd5 3. Nc3 Qd6 4. d4 Nf6 5. Bd3 a6 6. Nge2 b5 7. Bf4 Qb6 8. O-O e6 9. Re1 Be7 10. d5 Nxd5 11. Nxd5 exd5 12. Ng3 Be6 13. Nf5 Bf6 14. Qh5 Nd7 15. Ng3 O-O-O 16. a4 b4 17. a5 Qa7 18. Qe2 Nc5 19. Bf5 Rhe8 20. Qg4 g6 21. Bxe6+ Nxe6 22. Be3 d4 23. Bd2 Qb7 24. Ne4 Bg7 25. Nc5 Qc6 26. Nxe6 Rxe6 27. Rxe6 Qxe6 28. Qxe6+ fxe6 29. Bxb4 Rd5 30. Re1 Kd7 31. f4 c5 32. Bd2 c4 33. Bb4 Bf6 34. Kf2 Bd8 35. Re4 Bc7 36. Kf3 Rf5 37. Rxd4+ Kc6 38. Rxc4+ Kb7 39. Re4 g5 40. g3 gxf4 41. gxf4 e5 42. Bd2 exf4 43. b4 Kc6 44. Bxf4 Bxf4 45. Rxf4 Rh5 46. h4 Kb5 47. c3 Re5 48. Kg4 Re3 49. Rf3 Re4+ 50. Kg5 Re6 51. h5 Rc6 52. Rf5+ Kc4 53. Rc5+ Rxc5+ 54. bxc5 Kxc5 55. Kh6 Kb5 56. Kxh7 Kxa5 57. Kg6 Kb5 58. h6 a5 59. h7 1-0


[Site "https://www.chess.com"]

[Event "Titled Tuesday Blitz July 18 Late 2023"]
[White "Izuzquiza Gonzalez, Javier"]
[Black "Seyhanoglu, Deniz"]
[WhiteFideId "3101029"]
[BlackFideId "6302572"]
[WhiteElo "2280"]
[BlackElo "2420"]
[Result "1-0"]
[Round "9"]
[TimeControl "180+2"]
[Date "2023.07.18"]
[WhiteClock "0:00:41"]
[BlackClock "0:00:31"]
[Board "87"]

1. d4 d5 2. c4 c6 3. Nf3 Nf6 4. g3 a6 5. Qc2 b5 6. b3 e6 7. Bg2 Be7 8. O-O Nbd7 9. Nbd2 Bb7 10. Bb2 O-O 11. Rad1 Rc8 12. e4 dxe4 13. Nxe4 Nxe4 14. Qxe4 Nf6 15. Qc2 bxc4 16. bxc4 Qb6 17. c5 Qc7 18. Ne5 Nd5 19. Be4 g6 20. Bc1 Bf6 21. Ng4 Bg7 22. Bg2 a5 23. Bh6 Ba6 24. Rfe1 Rfd8 25. Bxg7 Kxg7 26. Qd2 Qe7 27. Qh6+ Kg8 28. Re5 f6 29. Ree1 Re8 30. Bxd5 cxd5 31. Re3 Rb8 32. Rde1 Qf7 33. Qf4 Kg7 34. Qh6+ Kg8 35. Qf4 Kg7 36. Qd6 Bc8 37. Qxb8 e5 38. dxe5 Bxg4 39. exf6+ 1-0


[Site "https://www.chess.com"]

[Event "Titled Tuesday Blitz July 18 Late 2023"]
[White "Osmonbekov, Talaibek"]
[Black "Bueno, Alfeu Junior Varela"]
[WhiteFideId "2017253"]
[BlackFideId "2108879"]
[WhiteElo "2200"]
[BlackElo "2405"]
[Result "0-1"]
[Round "9"]
[TimeControl "180+2"]
[Date "2023.07.18"]
[WhiteClock "0:00:07"]
[BlackClock "0:00:02"]
[Board "88"]

1. d4 e6 2. Nc3 Nf6 3. e4 d5 4. e5 Nfd7 5. f4 c5 6. Nf3 Nc6 7. Be3 cxd4 8. Nxd4 Bc5 9. Na4 Be7 10. c3 O-O 11. Bd3 a6 12. Qh5 g6 13. Nxc6 bxc6 14. Qh6 Re8 15. O-O Qa5 16. b3 Nc5 17. b4 Qxa4 18. bxc5 Bf8 19. Qh4 Qa3 20. Bd4 Bxc5 21. Rf3 Qxc3 22. Bxc5 Qxc5+ 23. Kh1 Qe7 24. Qh6 Qf8 25. Qh4 c5 26. Rh3 Qg7 27. g4 Bb7 28. Kg1 c4 29. Bc2 d4 30. f5 exf5 31. gxf5 g5 32. Qg4 Rxe5 33. f6 Qxf6 34. Bxh7+ Kf8 35. Rf1 Qc6 36. Qh5 Qg2# 0-1


[Site "https://www.chess.com"]

[Event "Titled Tuesday Blitz July 18 Late 2023"]
[White "Ambartsumova, Karina"]
[Black "Cardenas Carbajal, Nilson"]
[WhiteFideId "4166299"]
[BlackFideId "8401128"]
[WhiteElo "2546"]
[BlackElo "2204"]
[Result "1-0"]
[Round "9"]
[TimeControl "180+2"]
[Date "2023.07.18"]
[WhiteClock "0:00:10"]
[BlackClock "0:00:00"]
[Board "89"]

1. e4 e5 2. Nf3 Nc6 3. Bc4 Nf6 4. d3 Bc5 5. O-O d6 6. Nbd2 a6 7. a3 O-O 8. Re1 Ng4 9. Re2 Kh8 10. h3 f5 11. Nf1 Nh6 12. exf5 Nxf5 13. c3 Ba7 14. Kh2 Nh4 15. Nxh4 Qxh4 16. Be3 Bg4 17. f3 Bxf3 18. Qe1 Qxe1 19. Rexe1 Bxe3 20. Nxe3 Bh5 21. Rf1 Bg6 22. Rad1 Ne7 23. Be6 c6 24. Kg1 d5 25. Ng4 e4 26. Rxf8+ Rxf8 27. dxe4 Bxe4 28. Nf2 Bf5 29. Re1 Bxe6 30. Rxe6 Nf5 31. g4 Nh6 32. Re7 b6 33. Rc7 c5 34. Rd7 1-0


[Site "https://www.chess.com"]

[Event "Titled Tuesday Blitz July 18 Late 2023"]
[White "Palencia Morales, Wilson Guillermo"]
[Black "Jorajuria Mendoza, Algol"]
[WhiteFideId "4401859"]
[BlackFideId "5128897"]
[WhiteElo "2535"]
[BlackElo "2392"]
[Result "0-1"]
[Round "9"]
[TimeControl "180+2"]
[Date "2023.07.18"]
[WhiteClock "0:00:00"]
[BlackClock "0:00:02"]
[Board "90"]

1. d4 Nf6 2. Nf3 e6 3. c4 d5 4. Nc3 c6 5. Bg5 h6 6. Bxf6 Qxf6 7. e3 Nd7 8. Qc2 g5 9. Bd3 Bb4 10. a3 Ba5 11. b4 Bb6 12. h3 h5 13. Nd2 Rg8 14. g4 e5 15. cxd5 exd4 16. Nce4 Qe5 17. Nc4 Qxd5 18. Ncd6+ Kf8 19. Bc4 d3 20. Qb3 Qe5 21. Kd2 Nf6 22. Nxf6 Qxf6 23. Ne4 Qf3 24. Qxd3 Be6 25. Kc2 Rd8 26. Nd2 Qxf2 27. Qe2 Qxe2 28. Bxe2 Bxe3 29. Nf1 Bf4 30. gxh5 Kg7 31. Bg4 f5 32. Bf3 Bc4 33. Kc3 Rge8 34. Kxc4 b5+ 0-1


[Site "https://www.chess.com"]

[Event "Titled Tuesday Blitz July 18 Late 2023"]
[White "Gerbelli Neto, Eduardo"]
[Black "Womacka, Mathias"]
[WhiteFideId "2103281"]
[BlackFideId "4611390"]
[WhiteElo "2373"]
[BlackElo "2532"]
[Result "1-0"]
[Round "9"]
[TimeControl "180+2"]
[Date "2023.07.18"]
[WhiteClock "0:00:14"]
[BlackClock "0:00:05"]
[Board "91"]

1. e4 c5 2. Nc3 Nc6 3. f4 g6 4. Nf3 Bg7 5. Bc4 e6 6. f5 Nge7 7. fxe6 dxe6 8. d3 O-O 9. O-O Na5 10. Qe1 Nec6 11. Bg5 f6 12. Be3 Nd4 13. Qf2 Nxc4 14. dxc4 Nxf3+ 15. Qxf3 Qe7 16. Rad1 b6 17. Bf4 e5 18. Nd5 Qf7 19. Bd2 Bb7 20. Qh3 Rad8 21. Bh6 f5 22. Qh4 Bxh6 23. Qxh6 Qg7 24. Qh4 Kh8 25. exf5 gxf5 26. Rxf5 Bxd5 27. cxd5 Rxf5 28. Qxd8+ Rf8 29. Qh4 e4 30. Qxe4 Qxb2 31. d6 Qf6 32. h3 Rd8 33. d7 Kg7 34. Rd5 h6 35. Qg4+ Kh7 36. Rf5 Qe6 37. Qf4 Rxd7 38. Rf6 Qe1+ 39. Kh2 Qe7 40. Qxh6+ Kg8 41. Rg6+ Kf7 42. Rg7+ Ke8 43. Rxe7+ Rxe7 44. Qc6+ Kf7 45. Qd5+ Kg7 46. h4 Rf7 47. h5 Rf6 48. Qg5+ Kf7 49. h6 Rg6 50. Qh5 Kf6 51. h7 1-0


[Site "https://www.chess.com"]

[Event "Titled Tuesday Blitz July 18 Late 2023"]
[White "Shubenkova, Veronika"]
[Black "Prieto Aranguren, Alain"]
[WhiteFideId "44124040"]
[BlackFideId "2268906"]
[WhiteElo "2494"]
[BlackElo "2362"]
[Result "1-0"]
[Round "9"]
[TimeControl "180+2"]
[Date "2023.07.18"]
[WhiteClock "0:02:44"]
[BlackClock "0:00:11"]
[Board "92"]

1. e4 c5 2. Nc3 Nc6 3. g3 g6 4. Bg2 Bg7 5. d3 d6 6. f4 e5 7. Nf3 Nge7 8. O-O O-O 9. Be3 Nd4 10. Rb1 h6 11. Ne2 Nxf3+ 12. Bxf3 Bh3 13. Bg2 Bxg2 14. Kxg2 Qa5 15. a3 f5 16. Nc3 Nc6 17. Nd5 exf4 18. gxf4 Bd4 19. Bd2 Qd8 20. c3 Bg7 21. Kh1 fxe4 22. dxe4 Re8 23. Qg4 Rxe4 24. Qxg6 Re2 25. Rg1 Rxh2+ 26. Kxh2 Qh4+ 27. Kg2 Ne7 28. Nxe7+ Kh8 29. Qxg7+ 1-0


[Site "https://www.chess.com"]

[Event "Titled Tuesday Blitz July 18 Late 2023"]
[White "Seletsky, Grigory"]
[Black "ExchangeAB"]
[WhiteFideId "14112191"]
[WhiteElo "2476"]
[BlackElo "2361"]
[Result "0-1"]
[Round "9"]
[TimeControl "180+2"]
[Date "2023.07.18"]
[WhiteClock "0:00:06"]
[BlackClock "0:00:15"]
[Board "93"]

1. e4 c6 2. d4 d5 3. e5 Bf5 4. Nf3 e6 5. Be2 Ne7 6. Be3 Nd7 7. O-O h6 8. h3 Bh7 9. b3 Nf5 10. c4 Be7 11. Nc3 O-O 12. Qd2 a6 13. Rfd1 Nxe3 14. Qxe3 b5 15. c5 a5 16. a3 Qc7 17. Bd3 Bxd3 18. Qxd3 f6 19. exf6 Bxf6 20. b4 axb4 21. axb4 e5 22. Rxa8 Rxa8 23. dxe5 Nxe5 24. Nxd5 Nxd3 25. Nxc7 Ra3 26. Ne6 Nxb4 27. Ned4 Rc3 28. Rb1 Rc4 29. Nb3 Nd3 30. Rd1 Nxc5 31. Na5 Rc3 32. Nxc6 Nd3 33. Ncd4 b4 34. Rb1 Rc1+ 35. Rxc1 Nxc1 36. Nb5 b3 37. Na3 b2 38. Kf1 Na2 39. Nb1 Kf7 40. Nfd2 Ke6 41. Ke2 Kd5 42. Kd3 Nb4+ 43. Ke2 Kd4 44. g3 Kc5 45. Ne4+ Kd4 46. Ned2 Nd5 47. Kd1 Nc3+ 48. Nxc3 Kxc3 49. Nb1+ Kd3 50. f4 Be7 51. g4 Ke4 52. g5 h5 53. g6 Kxf4 54. Kc2 Kg3 55. Kxb2 Kxh3 56. Nd2 Kg2 57. Nc4 h4 58. Ne3+ Kf3 59. Nf5 Bf6+ 60. Kc2 Kf4 61. Nxh4 Bxh4 62. Kd3 Bf6 63. Kc4 Kg5 64. Kd5 Kxg6 65. Ke6 Kg5 0-1


[Site "https://www.chess.com"]

[Event "Titled Tuesday Blitz July 18 Late 2023"]
[White "Kaplan, Avi Harrison"]
[Black "Shapiro, Daniel"]
[WhiteFideId "30934559"]
[BlackFideId "2001780"]
[WhiteElo "2474"]
[BlackElo "2359"]
[Result "1-0"]
[Round "9"]
[TimeControl "180+2"]
[Date "2023.07.18"]
[WhiteClock "0:00:01"]
[BlackClock "0:00:00"]
[Board "94"]

1. e4 c5 2. Qh5 Nf6 3. Qxc5 Nxe4 4. Qe3 d5 5. d3 Nf6 6. g3 Nc6 7. Bg2 e6 8. Nf3 Be7 9. O-O O-O 10. b3 b6 11. Bb2 Bb7 12. Nbd2 Re8 13. Rfe1 Bd6 14. Nd4 Bc5 15. Nxc6 Bxc6 16. Qg5 Be7 17. Nf3 h6 18. Qe5 Rc8 19. Nd4 Bb7 20. c4 a6 21. Rad1 Qc7 22. Qe2 Bb4 23. Rf1 e5 24. Nf5 Qd7 25. Bh3 Kh8 26. a3 Bf8 27. Qd2 g6 28. Nxh6 Qxh3 29. Nxf7+ Kg7 30. Nxe5 d4 31. f4 Rcd8 32. Rde1 Ng4 33. Nxg4 Qxg4 34. Bxd4+ Kg8 35. Bxb6 Rxe1 36. Qxe1 Qd7 37. Bxd8 Qxd8 38. b4 Qd7 39. Qe5 Bg7 40. Qb8+ Kh7 41. h3 Bd4+ 42. Kh2 Qe7 43. Qg8+ 1-0


[Site "https://www.chess.com"]

[Event "Titled Tuesday Blitz July 18 Late 2023"]
[White "Novikov, Evgenij"]
[Black "Prydun, Andriy"]
[WhiteFideId "4125380"]
[BlackFideId "14145898"]
[WhiteElo "2468"]
[BlackElo "2342"]
[Result "1-0"]
[Round "9"]
[TimeControl "180+2"]
[Date "2023.07.18"]
[WhiteClock "0:00:41"]
[BlackClock "0:00:16"]
[Board "95"]

1. d4 d5 2. c4 c6 3. Nf3 Nf6 4. e3 e6 5. Bd3 dxc4 6. Bxc4 b5 7. Bd3 a6 8. O-O c5 9. dxc5 Bxc5 10. a4 O-O 11. axb5 Bb7 12. bxa6 Nxa6 13. Nc3 Nb4 14. Rxa8 Qxa8 15. Be2 Kh8 16. Qa4 Qb8 17. h3 g5 18. Qb5 Qc7 19. Na4 Be7 20. Qe5 Qc2 21. Bd1 Qxc1 22. Nxg5 Ba6 23. Ne4 Bxf1 24. Nxf6 Qc5 25. Nxc5 1-0


[Site "https://www.chess.com"]

[Event "Titled Tuesday Blitz July 18 Late 2023"]
[White "Jovic, Stanoje"]
[Black "Figorito, Nick"]
[WhiteFideId "905020"]
[BlackFideId "30923689"]
[WhiteElo "2462"]
[BlackElo "2347"]
[Result "1-0"]
[Round "9"]
[TimeControl "180+2"]
[Date "2023.07.18"]
[WhiteClock "0:00:11"]
[BlackClock "0:00:18"]
[Board "96"]

1. c4 Nf6 2. g3 c6 3. Bg2 d5 4. cxd5 cxd5 5. Nf3 Nc6 6. d4 g6 7. O-O Bg7 8. Ne5 O-O 9. f4 Qb6 10. e3 Bf5 11. Nc3 Rfd8 12. b3 Rac8 13. Na4 Qc7 14. Ba3 Ne4 15. g4 Bd7 16. Rc1 Be8 17. Nc5 Nxe5 18. fxe5 Qa5 19. Nxe4 Qxa3 20. Nc3 e6 21. Qd2 Rc7 22. Nb1 Qe7 23. Rxc7 Qxc7 24. Rc1 Qb6 25. Qc3 Bc6 26. Qc5 Qxc5 27. Rxc5 Rc8 28. a4 Bd7 29. Rxc8+ Bxc8 30. Kf2 Bf8 31. Bf1 Bb4 32. Bd3 Kg7 33. Ke2 f6 34. exf6+ Kxf6 35. h4 e5 36. g5+ Ke6 37. Nd2 e4 38. Bc2 Bxd2 39. Kxd2 Kd6 40. Kc3 a5 41. b4 b6 42. b5 Bg4 43. Kd2 Bh3 44. Ke1 Bg4 45. Kf2 Bd7 46. Kg3 Be6 47. Kf4 Bh3 48. Bd1 Bf1 49. h5 Bc4 50. h6 Bd3 51. Bh5 Bc2 52. Bxg6 Bxa4 53. Bxh7 Bxb5 54. g6 Be8 55. g7 Bf7 56. Bg6 Bg8 57. h7 Bxh7 58. Bxh7 a4 59. g8=Q Kc6 60. Qe6+ Kb5 61. Qxd5+ Kb4 62. Bxe4 b5 63. Qc5+ Ka5 64. Bd3 a3 65. Qxb5# 1-0


[Site "https://www.chess.com"]

[Event "Titled Tuesday Blitz July 18 Late 2023"]
[White "AndresDelgado77"]
[Black "Bibasa, Bob"]
[BlackFideId "10000240"]
[WhiteElo "2341"]
[BlackElo "2424"]
[Result "0-1"]
[Round "9"]
[TimeControl "180+2"]
[Date "2023.07.18"]
[WhiteClock "0:00:00"]
[BlackClock "0:01:03"]
[Board "97"]

1. e4 e6 2. d4 d5 3. e5 c5 4. c3 Nc6 5. Nf3 Nge7 6. Be3 Nf5 7. Bd3 Nxe3 8. fxe3 b6 9. O-O Be7 10. Qe1 a5 11. Na3 Ba6 12. Nb5 c4 13. Nd6+ Bxd6 14. Bc2 Be7 15. Qg3 g6 16. Qf4 Qd7 17. Ng5 Bxg5 18. Qxg5 Qe7 19. Rf6 Kd7 20. Raf1 Raf8 21. e4 dxe4 22. Bxe4 Nd8 23. d5 Qc5+ 24. Kh1 Kc7 25. d6+ Kb8 0-1


[Site "https://www.chess.com"]

[Event "Titled Tuesday Blitz July 18 Late 2023"]
[White "Ilyuchyk, Yana"]
[Black "Ai, Evan"]
[WhiteFideId "13508407"]
[BlackFideId "2094770"]
[WhiteElo "2333"]
[BlackElo "2410"]
[Result "1-0"]
[Round "9"]
[TimeControl "180+2"]
[Date "2023.07.18"]
[WhiteClock "0:00:16"]
[BlackClock "0:00:12"]
[Board "98"]

1. e4 e5 2. Nf3 Nc6 3. Nc3 Nf6 4. d4 exd4 5. Nxd4 Bb4 6. Nxc6 bxc6 7. Bd3 d5 8. exd5 cxd5 9. O-O O-O 10. h3 h6 11. Qf3 Bb7 12. Bf4 c5 13. Rad1 Qb6 14. Be5 Bxc3 15. bxc3 Ne4 16. c4 Ng5 17. Qf5 g6 18. Qf6 Qxf6 19. Bxf6 Ne6 20. g3 Rfe8 21. a4 d4 22. Rb1 Bc6 23. a5 Rab8 24. Rfe1 Rxb1 25. Rxb1 Nc7 26. f4 Na6 27. Be5 Nb4 28. Bd6 Nxd3 29. cxd3 Re2 30. Rb8+ Kh7 31. Bxc5 Rg2+ 32. Kf1 Rxg3 33. Bxd4 g5 34. fxg5 hxg5 35. Rc8 Bd7 36. Rc7 Bxh3+ 37. Ke2 Rxd3 38. Kxd3 Kg6 39. Rxa7 g4 40. Rc7 g3 41. a6 g2 42. a7 1-0


[Site "https://www.chess.com"]

[Event "Titled Tuesday Blitz July 18 Late 2023"]
[White "Stachanczyk, Jacek"]
[Black "Slovineanu, Viacheslav"]
[WhiteFideId "1116657"]
[BlackFideId "13900510"]
[WhiteElo "2407"]
[BlackElo "2328"]
[Result "0-1"]
[Round "9"]
[TimeControl "180+2"]
[Date "2023.07.18"]
[WhiteClock "0:00:32"]
[BlackClock "0:01:11"]
[Board "99"]

1. e4 c6 2. d4 d5 3. Nc3 dxe4 4. Nxe4 Nf6 5. Nxf6+ exf6 6. c3 Bd6 7. Bd3 Na6 8. Qh5 Nc7 9. Ne2 g6 10. Qh6 Bf8 11. Qh4 f5 12. Qxd8+ Kxd8 13. Bg5+ Be7 14. Bxe7+ Kxe7 15. Kd2 Be6 16. b3 Rhd8 17. Rhe1 Kf6 18. Kc2 a5 19. h4 Nd5 20. Bc4 h6 21. Bxd5 Bxd5 22. f3 g5 23. hxg5+ hxg5 24. c4 Be6 25. Rh1 f4 26. Kc3 Bf5 27. a3 Re8 28. Ng1 Re3+ 29. Kb2 Rd3 30. Nh3 Rxd4 31. Rad1 Rad8 32. Rxd4 Rxd4 33. a4 Rd2+ 0-1


[Site "https://www.chess.com"]

[Event "Titled Tuesday Blitz July 18 Late 2023"]
[White "Mazurkiewicz, Michal"]
[Black "Garmendiarov"]
[WhiteFideId "1124943"]
[WhiteElo "2405"]
[BlackElo "2299"]
[Result "0-1"]
[Round "9"]
[TimeControl "180+2"]
[Date "2023.07.18"]
[WhiteClock "0:00:51"]
[BlackClock "0:00:11"]
[Board "100"]

1. e4 c5 2. Nf3 d6 3. g3 Nf6 4. d3 Nc6 5. Bg2 g6 6. O-O Bg7 7. Re1 O-O 8. e5 Nxe5 9. Nxe5 dxe5 10. Rxe5 Ng4 11. Re2 c4 12. h3 Ne5 13. d4 Nc6 14. c3 Bf5 15. Na3 Bd3 16. Re1 e5 17. d5 Ne7 18. d6 Qxd6 19. Nxc4 Qd7 20. Nxe5 Bxe5 21. Rxe5 Nc6 22. Rd5 Qe6 23. Qxd3 Rad8 24. Bh6 Rfe8 25. Rd1 Rxd5 26. Bxd5 Qxh3 27. Bxc6 bxc6 28. Qd7 Re1+ 29. Rxe1 Qxd7 30. Bg5 h5 31. Re7 Qd1+ 32. Kh2 Qf3 33. Be3 g5 34. Re5 f6 35. Re7 h4 36. gxh4 gxh4 37. Bd4 h3 38. Re3 Qg2# 0-1


[Site "https://www.chess.com"]

[Event "Titled Tuesday Blitz July 18 Late 2023"]
[White "Boor, Carl"]
[Black "Barwinska, Ewa"]
[WhiteFideId "2017008"]
[BlackFideId "21833761"]
[WhiteElo "2398"]
[BlackElo "2292"]
[Result "1/2-1/2"]
[Round "9"]
[TimeControl "180+2"]
[Date "2023.07.18"]
[WhiteClock "0:00:39"]
[BlackClock "0:00:05"]
[Board "101"]

1. e4 c5 2. b4 cxb4 3. a3 Nc6 4. axb4 Nxb4 5. c3 Nc6 6. d4 d5 7. exd5 Qxd5 8. Na3 e5 9. Nb5 Bd6 10. Bc4 Qxg2 11. Nxd6+ Kd7 12. dxe5 Qxh1 13. Nb5+ Ke8 14. Nc7+ Kf8 15. Ba3+ Nge7 16. Bxe7+ Kg8 17. Qf3 Qxg1+ 18. Ke2 Qg6 19. Rg1 Qc2+ 20. Kf1 Nxe5 21. Rxg7+ Kxg7 22. Bf6+ Kf8 23. Bxe5 Qb1+ 24. Ke2 Qc2+ 25. Ke3 Qc1+ 26. Kd4 Qd2+ 27. Ke4 Qc2+ 28. Kd4 Qd2+ 29. Kc5 b6+ 30. Kb4 a5+ 31. Ka3 Qc1+ 32. Ka2 Qc2+ 33. Ka3 Qc1+ 34. Ka2 Qc2+ 35. Ka1 Qc1+ 36. Ka2 1/2-1/2


[Site "https://www.chess.com"]

[Event "Titled Tuesday Blitz July 18 Late 2023"]
[White "Yolosz"]
[Black "Santos, Rafael Ventura Dos"]
[BlackFideId "2122227"]
[WhiteElo "2398"]
[BlackElo "2287"]
[Result "0-1"]
[Round "9"]
[TimeControl "180+2"]
[Date "2023.07.18"]
[WhiteClock "0:00:06"]
[BlackClock "0:00:12"]
[Board "102"]

1. d4 Nf6 2. Bf4 g6 3. e3 Bg7 4. Nc3 O-O 5. h4 h6 6. h5 g5 7. Bg3 d6 8. Qd2 a6 9. f4 c5 10. fxg5 hxg5 11. h6 Bh8 12. e4 Nh7 13. d5 Bf6 14. Nf3 Nd7 15. e5 Nxe5 16. Bxe5 dxe5 17. Ne4 g4 18. Nfg5 Bf5 19. O-O-O e6 20. Nxh7 Kxh7 21. Nxf6+ Qxf6 22. d6 Rfd8 23. Qe3 b6 24. Bd3 Ra7 25. Be4 Rad7 26. Rdf1 Rxd6 27. b3 Rd4 28. Bxf5+ exf5 29. Rh5 f4 30. Qe2 e4 31. Qxg4 Rd1+ 32. Rxd1 Qa1# 0-1


[Site "https://www.chess.com"]

[Event "Titled Tuesday Blitz July 18 Late 2023"]
[White "Luong Phuong Hanh"]
[Black "Miguelitro69"]
[WhiteFideId "12401013"]
[WhiteElo "2396"]
[BlackElo "2273"]
[Result "1-0"]
[Round "9"]
[TimeControl "180+2"]
[Date "2023.07.18"]
[WhiteClock "0:00:28"]
[BlackClock "0:00:02"]
[Board "103"]

1. d4 d5 2. c4 e6 3. Nf3 Nf6 4. g3 g6 5. Bg2 Bg7 6. O-O O-O 7. c5 b6 8. Nc3 Qe7 9. Bf4 bxc5 10. dxc5 Qxc5 11. Rc1 Qe7 12. Nb5 Ne8 13. Nxc7 Nxc7 14. Rxc7 Qb4 15. b3 Na6 16. Rc1 Rd8 17. Ne5 Bb7 18. Nd3 Qb6 19. Be5 Rac8 20. Qd2 d4 21. Bxg7 Kxg7 22. Bxb7 Qxb7 23. Nf4 e5 24. Nd3 Qd5 25. Rc4 Rxc4 26. bxc4 Qxc4 27. Nxe5 Qd5 28. Ng4 g5 29. f4 h5 30. Ne5 g4 31. Qd3 Qe6 32. Rc1 Nb4 33. Qb5 Nd5 34. Rc6 Qf5 35. Qb2 Nxf4 36. gxf4 Qxf4 37. Nd3 Qe3+ 38. Kf1 Rd5 39. Rc5 Rd6 40. Rf5 Qh6 41. Qb5 Rg6 42. Qe5+ Kg8 43. Qe8+ Qf8 44. Qxf8+ Kxf8 45. Ne5 Ra6 46. Rxf7+ Ke8 47. Rh7 Ra5 48. Rxh5 Rxa2 49. Nxg4 a5 50. Rd5 a4 51. Rxd4 a3 52. Ra4 Ra1+ 53. Kf2 a2 54. Ke3 Ke7 55. Ne5 Ke6 56. Nf3 Kf5 57. h3 Kg6 58. h4 Kh5 59. Ne5 Kh6 60. Nd3 Rh1 61. Rxa2 Rxh4 62. Ra6+ Kg5 63. Ra5+ Kf6 64. Nf4 Rg4 65. Ke4 Rh4 66. Ra6+ Ke7 67. Ke5 Rh2 68. e4 Rf2 69. Ra7+ Kd8 70. Ne6+ Kc8 71. Rg7 Kb8 72. Nc5 Kc8 73. Kd6 Kd8 74. Rg8+ Rf8 75. Rxf8# 1-0


[Site "https://www.chess.com"]

[Event "Titled Tuesday Blitz July 18 Late 2023"]
[White "Mikhalsky, Vladimir"]
[Black "BrandonJiang123456"]
[WhiteFideId "14144352"]
[WhiteElo "2386"]
[BlackElo "2267"]
[Result "1-0"]
[Round "9"]
[TimeControl "180+2"]
[Date "2023.07.18"]
[WhiteClock "0:00:08"]
[BlackClock "0:00:00"]
[Board "104"]

1. d4 e6 2. e4 c5 3. d5 Nf6 4. Nc3 d6 5. Bb5+ Bd7 6. dxe6 fxe6 7. e5 dxe5 8. Nf3 Nc6 9. O-O e4 10. Ng5 Be7 11. Ngxe4 O-O 12. Re1 a6 13. Bc4 b5 14. Bd3 c4 15. Nxf6+ Bxf6 16. Be4 Qe8 17. Be3 Rc8 18. Bc5 Rf7 19. Qh5 g6 20. Qh3 Nd4 21. Bb4 Qd8 22. Rad1 Qb6 23. Ne2 a5 24. Bc3 Nxe2+ 25. Rxe2 Bxc3 26. Qxc3 Rcf8 27. Qd4 Qxd4 28. Rxd4 Kg7 29. g3 Kf6 30. f4 h5 31. Bg2 g5 32. Red2 Bc8 33. Rf2 Kg6 34. Be4+ Kg7 35. Bc6 gxf4 36. Rfxf4 Rxf4 37. gxf4 Rf5 38. Kg2 Ba6 39. Kg3 b4 40. Bd7 Rf6 41. Rd6 Bb7 42. Rxe6 1-0


[Site "https://www.chess.com"]

[Event "Titled Tuesday Blitz July 18 Late 2023"]
[White "Thiel, Thomas"]
[Black "Kanyamarala, Trisha"]
[WhiteFideId "4615964"]
[BlackFideId "45004722"]
[WhiteElo "2252"]
[BlackElo "2351"]
[Result "0-1"]
[Round "9"]
[TimeControl "180+2"]
[Date "2023.07.18"]
[WhiteClock "0:00:53"]
[BlackClock "0:02:10"]
[Board "105"]

1. e4 c5 2. Nc3 d6 3. f4 Nc6 4. Nf3 g6 5. Bc4 Bg7 6. O-O a6 7. a4 Nf6 8. d3 O-O 9. Qe1 Nd4 10. Nxd4 cxd4 11. Nd5 Nxd5 12. Bxd5 e6 13. Bb3 Bd7 14. a5 Rc8 15. Bd2 f5 16. e5 dxe5 17. fxe5 Qc7 18. Bf4 h6 19. h4 Rfe8 20. Qg3 Kh7 21. Rae1 Qxa5 22. h5 g5 23. Bxg5 hxg5 24. Qxg5 Rg8 25. Qg6+ Kh8 26. h6 Bxe5 27. Qf7 Qd2 0-1


[Site "https://www.chess.com"]